Map: Звездочеты

Players

Allthumbs - Winner!

  • Race: Protoss Protoss
  • League: Diamond
  • Spawn Location: 1:00

MrHanckey

  • Race: Terran Terran
  • League: Diamond
  • Spawn Location: 11:00

VOD

Have the link to the VOD?

Description

Time

  • Played on: Nov. 4, 2022, 7:02 a.m.
  • Length: 8:42
Show
View Real Time Build Order
Export as new Build Order

Allthumbs Protoss - Winner!

Build Orders: Dark Templar Rush 

Get SALT Encoding   

  12  0:00  Probe  
  13  0:13  Probe  
  14  0:17  Pylon  
  14  0:25  Probe  
  15  0:36  Gateway  
  15  0:38  Probe  
  16  0:49  Pylon  
  16  0:50  Probe  
  16  0:56  Assimilator  
  17  1:03  Probe  
  18  1:09  Gateway  
  18  1:24  Cybernetics Core  
  19  1:28  Assimilator  
  18  1:33  Zealot  
  18  1:39  Probe  
  21  1:52  Probe  
  22  1:59  Stalker (Chrono Boost)  
  24  2:03  Stalker (Chrono Boost)  
  24  2:06  Warp Gate  
  26  2:13  Probe  
  27  2:18  Stalker (Chrono Boost)  
  29  2:40  Stalker  
  27  2:45  Twilight Council  
  27  2:46  Probe  
  28  3:01  Probe  
  29  3:26  Nexus  
  29  3:28  Dark Shrine  
  29  3:37  Pylon  
  29  3:39  Probe  
  28  3:51  Probe  
  25  4:01  Gateway  
  25  4:05  Gateway  
  25  4:07  Stalker  
  27  4:13  Adept  
  27  4:15  Probe (Chrono Boost)  
  31  4:24  Probe (Chrono Boost)  
  31  4:29  Probe (Chrono Boost)  
  32  4:41  Dark Templar x2  
  37  4:45  Probe x2  
  38  4:57  Probe  
  38  4:58  Robotics Facility  
  38  4:59  Charge  
  39  5:14  Shield Battery  
  39  5:15  Pylon  
  39  5:16  Stalker  
  39  5:19  Stalker  
  43  5:30  Probe  
  43  5:31  Probe  
  43  5:32  Dark Templar  
  47  5:42  Assimilator  
  47  5:44  Probe (Chrono Boost), Assimilator  
  47  5:49  Probe (Chrono Boost)  
  45  5:55  Dark Templar  
  45  6:09  Immortal (Chrono Boost)  
  45  6:10  Probe  
  46  6:18  Probe  
  51  6:22  Probe  
  51  6:25  Stalker x2  
  56  6:26  Adept  
  56  6:30  Probe (Chrono Boost)  
  59  6:34  Probe (Chrono Boost)  
  59  6:38  Shield Battery  
  60  6:40  Pylon  
  60  6:43  Probe (Chrono Boost)  
  60  6:45  Probe (Chrono Boost)  
  62  6:59  Immortal (Chrono Boost), Probe x2  
  62  7:00  Stalker  
  70  7:06  Zealot  
  70  7:07  Zealot  
  70  7:34  Nexus  
  70  7:35  Pylon  
  70  7:38  Pylon  
  60  8:19  Dark Templar  
  60  8:20  Dark Templar x3  
Show
View Real Time Build Order
Export as new Build Order

MrHanckey Terran 

Build Orders:  

Get SALT Encoding   

  12  0:01  SCV  
  13  0:13  SCV  
  14  0:19  Supply Depot  
  14  0:25  SCV  
  15  0:41  SCV  
  15  0:42  Barracks  
  16  0:48  Refinery  
  16  0:53  SCV  
  17  1:05  SCV  
  18  1:17  SCV  
  19  1:29  SCV  
  20  1:33  Reaper  
  20  1:36  Supply Depot  
  21  1:41  SCV  
  22  1:53  SCV  
  23  2:07  Command Center  
  23  2:09  Reaper  
  24  2:42  Reaper  
  24  2:59  Orbital Command  
  24  3:14  Reaper  
  24  3:21  Orbital Command  
  24  3:25  SCV  
  23  3:37  SCV  
  23  3:46  Reaper  
  21  4:06  SCV  
  21  4:07  SCV  
  21  4:09  Refinery  
  23  4:18  SCV  
  23  4:19  SCV  
  23  4:20  Refinery  
  23  4:21  Marine  
  26  4:29  Barracks  
  26  4:30  Barracks, SCV  
  27  4:34  SCV  
  28  4:42  SCV  
  30  4:46  Engineering Bay  
  30  4:54  SCV  
  30  4:55  Factory  
  30  4:56  Reaper  
  30  4:59  SCV  
  32  5:05  Bunker  
  32  5:06  SCV  
  33  5:10  Factory  
  33  5:11  SCV  
  30  5:18  SCV  
  28  5:23  SCV  
  20  5:54  SCV x2  
  21  6:06  SCV x2  
  21  6:10  Engineering Bay  
  23  6:18  SCV x2  
  24  6:23  Factory  
  25  6:30  SCV  
  25  6:31  SCV  
  27  6:37  Missile Turret  
  27  6:45  Supply Depot  
  27  7:15  Marine  
  26  7:18  Bunker  
  26  7:21  Widow Mine x2  
  31  7:24  SCV x2  
  31  7:25  Missile Turret  
  31  7:29  Widow Mine  
  35  7:33  Marine  
  35  7:36  SCV x2  
  38  7:42  Widow Mine x2  
  39  7:48  SCV  
  39  7:51  Widow Mine  
  30  8:20  Widow Mine  
Tags
 
Add a new tag
Caveats
  • Supply blocks, unpowered buildings, or Contaminate may cause inaccurate times.
  • Supply counts are checked every 10 seconds.